 Dungeon Crawl Stone Soup version 0.28.0 (webtiles) character file.

Game seed: 7091599347208867694

604 thepacket the Cutter (level 7, -2/35 HPs)
             Began as a Vine Stalker Enchanter on Feb 18, 2022.
             Slain by a killer bee (4 damage)
             ... on level 3 of the Dungeon.
             The game lasted 00:10:42 (4018 turns).

thepacket the Cutter (Vine Stalker Enchanter)       Turns: 4018, Time: 00:10:43

Health: -2/35      AC:  7    Str: 12      XL:     7   Next: 42%
Magic:  0/12       EV: 11    Int: 14 (15) God:
Gold:   79         SH:  0    Dex: 14 (15) Spells: 3/11 levels left

rFire   . . .      SeeInvis .   a - +1 dagger
rCold   . . .      Faith    .   (no shield)
rNeg    . . .      Spirit   +   m - +0 leather armour
rPois   .          Reflect  .   (no helmet)
rElec   .          Harm     .   l - +1 cloak
rCorr   .          Rampage  .   (no gloves)
Will    .....                   (no boots)
Stlth   ++........              (no amulet)
HPRegen 0.91/turn               (no ring)
MPRegen 0.13/turn               (no ring)

@: lethally poisoned (-2 -> -4)
A: fangs 2, regeneration 1, magic shield, antimagic bite, no potion heal 2,
iridescent scales 1
a: no special abilities


You were on level 3 of the Dungeon.
You visited 1 branch of the dungeon, and saw 4 of its levels.

You collected 79 gold pieces.


Innate Abilities, Weirdness & Mutations

You have extremely sharp teeth.
Your natural rate of healing is unusually fast.
When hurt, damage is shared between your health and your magic reserves.
Your bite disrupts and absorbs the magic of your enemies.
Potions cannot restore your health.
You are partially covered in iridescent scales. (AC +2)


   Skills:
 + Level 2.7 Fighting
 * Level 4.3 Short Blades
 - Level 1.5 Dodging
 - Level 3.6 Stealth
 + Level 2.7 Spellcasting
 + Level 1.4 Conjurations
 - Level 4.0 Hexes
 - Level 2.0 Ice Magic
 + Level 1.4 Air Magic
 + Level 1.3 Poison Magic


You had 3 spell levels left.
You knew the following spells:

 Your Spells              Type           Power      Damage    Failure   Level
a - Ensorcelled Hibernat  Hex/Ice        20%        N/A       12%         2
b - Confusing Touch       Hex            13%        N/A       16%         3
c - Mephitic Cloud        Conj/Pois/Air  5%         N/A       43%         3

Your spell library contained the following spells:

 Spells                   Type           Power      Damage    Failure   Level
 Tukima's Dance           Hex            13%        N/A       16%         3
 Dazzling Flash           Conj/Hex       18%        N/A       26%         3
 Beastly Appendage        Tmut           2%         N/A       28%         1
 Wereblood                Tmut           1%         N/A       38%         2
 Spider Form              Tmut/Pois      3%         N/A       54%         3
 Ignite Poison            Fire/Tmut/Pois 3%         N/A       56%         3
 Freezing Cloud           Conj/Ice/Air   3%         6-21      99%         5

Inventory:

Hand Weapons
 a - a +1 dagger (weapon)
Armour
 l - a +1 cloak (worn)
 m - a +0 leather armour (worn)
Wands
 n - a wand of flame (29)
Scrolls
 b - a scroll of noise
 h - a scroll of immolation
 i - 3 scrolls of identify {@r1}
Potions
 d - a potion of flight

Dungeon Overview and Level Annotations

Branches:
Dungeon (4/15)
 Temple: D:4-7

Altars:

Annotations:
D:4 Grinder

###.........##.##......<##.......
#.###..#####.########.#########
#.)..........###.......#
#.^##.#........#.####..#
#..##.#..#####.#.####..#
#..##.......##.#.##....#
#..####........#.##.##.#
#............y)#.##.##.#
#.##.##......†@#.......#
#.##.##........##.....####
#.#..##........##........#
#.#.###........##...#.##.#
#.#.###........##.....##.#
#.......#########.)##.##.#
###.##### #........##.# #.#####
#.##........#
#.#...######.#####..####


You could see a killer bee.


Message History

You feel sick. The killer bee stings you.
* * * LOW HITPOINT WARNING * * *
You closely miss the killer bee. Your punch misses the killer bee.
Your bite misses the killer bee.
The killer bee is lightly wounded.
You feel sick. The killer bee completely misses you.
The killer bee barely misses you.
Unknown command.
You hit the killer bee.
The killer bee is moderately wounded.
You feel sick.
The killer bee stings you but does no damage.
You hit the killer bee but do no damage.
Your bite misses the killer bee.
The killer bee is moderately wounded.
You feel sick. The killer bee misses you. The killer bee stings you.
* * * LOW HITPOINT WARNING * * *
Unknown command.
You barely miss the killer bee. Your bite misses the killer bee.
The killer bee is moderately wounded.
You feel sick. The killer bee stings you!
* * * LOW HITPOINT WARNING * * *
Unknown command.
Okay, then.
As you read the scroll labelled OCODUT HOLOEK, it crumbles to dust.
It is a scroll of identify.
You don't have any unidentified items.
* * * LOW HITPOINT WARNING * * *
You feel sick. The killer bee stings you.
You die...

Skill      XL: |  1  2  3  4  5  6  7 |
---------------+----------------------+-----
Short Blades   | 1 3 4 |  4.3
Fighting       | 1 2 |  2.7
Ice Magic      | 1 2 |  2.0
Hexes          | 4 |  4.0
Conjurations   | 1 |  1.4
Air Magic      | 1 |  1.4
Poison Magic   | 1 |  1.3
Dodging        | |  1.5
Stealth        | |  3.6
Spellcasting   | |  2.7

Action                   |  1- 3 |  4- 6 |  7- 9 || total
-------------------------+-------+-------+-------++-------
Melee: Dagger            |   102 |   101 |    46 ||   249
       Bite              |    14 |    31 |     7 ||    52
       Punch             |     2 |       |       ||     2
 Cast: Ensorcelled Hiber |     8 |    15 |     8 ||    31
  Use: Potion            |     1 |     5 |       ||     6
       Scroll            |       |     2 |     4 ||     6
 Stab: Sleeping          |     7 |     9 |     5 ||    21
       Invisible         |     2 |       |       ||     2
Armor: Robe              |    10 |     7 |       ||    17
       Leather armour    |       |    21 |    11 ||    32
Dodge: Dodged            |    63 |    70 |    28 ||   161

Levels and vault maps discovered:
D:1:      erik_arrival_blinker_ship, layout_basic, minivault_25
D:2:      layout_basic, ebering_ecumenical_altar_mist, uniq_sigmund,
          uniq_jessica
D:3:      layout_loops_cross, uniq_natasha
D:4:      gammafunk_steamed_eel, layout_loops_ring, ebering_ghost_disaster_area,
          grunt_decor_one_mirror, pf_guarded_unrand_delatra, uniq_grinder

Notes
Turn   | Place    | Note
-------+----------+-------------------------------------------
     0 | D:1      | thepacket the Vine Stalker Enchanter began the quest for
                  | the Orb.
     0 | D:1      | Reached XP level 1. HP: 9/9 MP: 4/4
    31 | D:1      | Reached skill level 1 in Short Blades
   224 | D:1      | Reached XP level 2. HP: 7/14 MP: 4/6
   394 | D:1      | Learned a level 2 spell: Ensorcelled Hibernation
  1032 | D:1      | Reached skill level 1 in Fighting
  1034 | D:1      | Reached XP level 3. HP: 9/18 MP: 0/7
  1038 | D:1      | Learned a level 3 spell: Confusing Touch
  1230 | D:1      | Reached skill level 2 in Short Blades
  1612 | D:1      | You fall into a shaft and drop 1 floor!
  1615 | D:2      | Noticed Sigmund
  1638 | D:2      | Killed Sigmund
  1639 | D:2      | Reached skill level 3 in Short Blades
  1639 | D:2      | Reached skill level 1 in Ice Magic
  1639 | D:2      | Gained mutation: Your natural rate of healing is unusually
                  | fast. [Vine Stalker growth]
  1639 | D:2      | Reached XP level 4. HP: 21/23 MP: 0/8
  1639 | D:2      | Reached XP level 5. HP: 24/26 MP: 0/9
  1832 | D:2      | Reached skill level 2 in Ice Magic
  1860 | D:2      | Found a faded altar of an unknown god.
  2139 | D:2      | Reached skill level 2 in Fighting
  2497 | D:3      | Noticed Natasha
  2499 | D:3      | Killed Natasha
  2500 | D:3      | Reached XP level 6. HP: 30/30 MP: 10/10
  2547 | D:3      | Noticed Natasha
  2554 | D:3      | Killed Natasha
  2703 | D:2      | Noticed Jessica
  2707 | D:2      | Killed Jessica
  2708 | D:2      | Reached skill level 4 in Hexes
  2713 | D:2      | Learned a level 3 spell: Mephitic Cloud
  2876 | D:3      | Noticed Natasha
  2885 | D:3      | Killed Natasha
  3355 | D:4      | HP: 3/31 [scorpion (1)]
  3356 | D:4      | Gained mutation: You are agile. (Dex +2) [potion of
                  | mutation]
  3356 | D:4      | Gained mutation: Your mind is acute. (Int +2) [potion of
                  | mutation]
  3360 | D:4      | HP: 2/31 [poisoned by a scorpion]
  3394 | D:4      | Noticed a necrophage
  3495 | D:3      | Reached skill level 4 in Short Blades
  3496 | D:3      | Lost mutation: Your mind is acute. (Int +2) [potion of
                  | mutation]
  3496 | D:3      | Lost mutation: You are agile. (Dex +2) [potion of mutation]
  3496 | D:3      | Gained mutation: You are partially covered in iridescent
                  | scales. (AC +2) [potion of mutation]
  3496 | D:3      | HP: 3/32 [poisoned by a killer bee]
  3498 | D:3      | HP: 1/32 [poisoned by a killer bee]
  3503 | D:3      | HP: 1/32 [poisoned by a killer bee]
  3730 | D:4      | Noticed an orc warrior
  3744 | D:4      | Reached skill level 1 in Conjurations
  3744 | D:4      | Reached skill level 1 in Air Magic
  3744 | D:4      | Reached XP level 7. HP: 35/35 MP: 11/11
  3856 | D:4      | Reached skill level 1 in Poison Magic
  3866 | D:4      | Noticed Grinder
  4017 | D:3      | HP: 2/35 [killer bee (8)]
  4018 | D:3      | Slain by a killer bee

Vanquished Creatures
  Sigmund (D:2)
  A scorpion (D:4)
  4 killer bees
  Jessica (D:2)
  Natasha (thrice) (D:3)
  An orc wizard (D:4)
  A gnoll (D:3)
  2 adders
  2 dart slugs
  6 orcs
  8 ball pythons
  6 endoplasms
  5 giant cockroaches
  11 goblins
  4 hobgoblins
  2 jackals (D:1)
  2 quokkas (D:1)
  7 bats
  3 frilled lizards
  6 kobolds
  3 rats
79 creatures vanquished.

Table legend: (Time is in decaauts)
 A = Elapsed time spent in this place.
 B = Non-inter-level travel time spent in this place.
 C = Inter-level travel time spent in this place.
 D = Time resting spent in this place.
 E = Time spent auto-exploring this place.
 F = Levels seen in this place.
 G = Mean time per level.
                   A        B        C        D        E       F      G
               +--------+--------+--------+--------+--------+-----+--------+
         Total |   3990 |   3604 |    386 |    995 |   1755 |   4 |  997.5 |
       Dungeon |   3990 |   3604 |    386 |    995 |   1755 |   4 |  997.5 |
               +--------+--------+--------+--------+--------+-----+--------+

Top non-repeatable levels by time:
     D:1: 1604 daAuts
     D:3: 1091 daAuts
     D:2: 980 daAuts
     D:4: 314 daAuts

Table legend:
 A = Non-vault XP
 B = Vault XP
 C = Vault XP percentage of total XP
 D = Non-vault monster count
 E = Vault monster count
 F = Vault count percentage of total count
                 A         B        C        D         E       F
            +---------+---------+-------+---------+---------+-------
      Total |     548 |     315 |  36.5 |      72 |       7 |   8.9
            +---------+---------+-------+---------+---------+-------
        D:1 |      53 |       0 |   0.0 |      30 |       0 |   0.0
        D:2 |      34 |     234 |  87.3 |      13 |       2 |  13.3
        D:3 |     233 |      36 |  13.4 |      18 |       1 |   5.3
        D:4 |     228 |      45 |  16.5 |      11 |       4 |  26.7
            +---------+---------+-------+---------+---------+-------
